[Event "Friday Night Double Round Robin 3m+1s Starts at 2200hrs ST NO LATE JOINS POSS"]
[Site "Infinity Chess"]
[Date "2018.1.19"]
[Round "11"]
[White "tris77"]
[Black "PAKtech"]
[Result "1/2-1/2"]
[ECO "C77"]
[WhiteElo "2423"]
[BlackElo "2431"]
[WhiteEngine "Raubfisch X37b_CTG"]
[BlackEngine "Raubfisch ME262_GTZ16b3._CTG"]
[EventType "Round Robin"]
[WhiteTeam ""]
[BlackTeam ""]
[PlyCount "126"]
[TimeControl "180+1"]

1. e4 e5 2. Nf3 Nc6 3. Bb5 a6 4. Ba4 Nf6 5. O-O Be7 6. Re1 b5 7. Bb3 O-O 
8. c3 d5 9. exd5 Nxd5 10. Nxe5 Nxe5 11. Rxe5 c6 12. d4 Bd6 13. Re1 Qh4 
14. g3 Qh3 15. Be3 Bg4 16. Qd3 Rae8 17. Nd2 Re6 18. a4 Qh5 19. axb5 axb5 
20. Bxd5 Qxd5 21. Qf1 Rg6 22. b3 Qh5 23. f3 Be6 24. Qf2 Qh3 25. f4 Qf5 
26. Nf3 Qh5 27. Bc1 Bxb3 28. Ne5 Bxe5 29. Rxe5 Qd1+ 30. Qf1 Qxf1+ 31. Kxf1 Re6 
32. g4 h5 33. g5 Kh7 34. Kf2 Rxe5 35. fxe5 Kg6 36. h4 Rc8 37. Ke3 Kf5 
38. Bd2 Bc4 39. Ra7 c5 40. Rd7 Be6 41. Rb7 Bc4 42. Rd7 g6 43. d5 Ra8 
44. Rxf7+ Kxe5 45. Rf6 Rd8 46. Be1 Kxd5 47. Rxg6 b4 48. cxb4 Re8+ 49. Kd2 cxb4 
50. Rb6 b3 51. Kd1 Re2 52. Bc3 Rg2 53. Bf6 Ke4 54. Kc1 Rg4 55. Rd6 Bd5 
56. Rb6 Kf3 57. Rb5 Bc4 58. Rb4 Rxh4 59. g6 Rh1+ 60. Kd2 Rh2+ 61. Kc1 Rh1+ 
62. Kb2 Rh2+ 63. Kc1 Rh1+ 1/2-1/2

[Event "Friday Night Double Round Robin 3m+1s Starts at 2200hrs ST NO LATE JOINS POSS"]
[Site "Infinity Chess"]
[Date "2018.1.19"]
[Round "11"]
[White "Dovahkiin"]
[Black "xeonrocks"]
[Result "1/2-1/2"]
[ECO ""]
[WhiteElo "2453"]
[BlackElo "2550"]
[WhiteEngine "BrainFish_180113_x64_modern_CTG"]
[BlackEngine "asmFishW_CTG"]
[EventType "Round Robin"]
[WhiteTeam ""]
[BlackTeam ""]
[PlyCount "194"]
[TimeControl "180+1"]

1. e3 d5 2. d3 e5 3. d4 Nd7 4. dxe5 Nxe5 5. Nd2 c6 6. Ngf3 Nxf3+ 7. Nxf3 Nf6 
8. c4 Ne4 9. a3 Be6 10. Qc2 Qa5+ 11. Nd2 Bb4 12. cxd5 Bxd2+ 13. Bxd2 Qxd5 
14. Bc1 O-O-O 15. f3 Nc5 16. e4 Qd4 17. Bf4 f5 18. Rc1 Nb3 19. Rd1 Qxd1+ 
20. Qxd1 Rxd1+ 21. Kxd1 fxe4 22. fxe4 Rd8+ 23. Ke2 Nc5 24. Kf3 Rd1 25. Be3 Nd3 
26. Rg1 Nxb2 27. Be2 Rd7 28. Rc1 a6 29. Bb6 Na4 30. Be3 Rf7+ 31. Kg3 Kd7 
32. Rd1+ Kc7 33. Bf4+ Kc8 34. Rc1 g6 35. Bd1 Nb6 36. Be2 Re7 37. Bd6 Re8 
38. Kf4 a5 39. h4 Bb3 40. Rc3 Bd5 41. Bg4+ Be6 42. Be2 Kd7 43. Be5 a4 
44. Bd4 Nc8 45. Be5 Ke7 46. Rc1 Bb3 47. g4 Ke6 48. g5 h5 49. Bd4 Kd7 50. Bf1 Nd6 
51. Be5 Rf8+ 52. Bf6 Ne8 53. Ke5 Nd6 54. Kf4 Ne8 55. Ke5 b6 56. Bh3+ Kc7 
57. Bf1 Nd6 58. Kf4 Nb7 59. Bd3 Nc5 60. Bb1 Kd7 61. Ke3 Ne6 62. Bd3 Re8 
63. Rf1 Rf8 64. Rf2 Nc5 65. Rd2 Re8 66. Bc2+ Ke6 67. Bb1 Rg8 68. Bd8 Nd7 
69. Bc7 Ne5 70. Rd6+ Ke7 71. Kd4 Nc4 72. Rf6 Kd7 73. Bd3 Nxa3 74. Bxb6 Ra8 
75. Kc3 Nb5+ 76. Kb2 Be6 77. Ka1 a3 78. Rxg6 Rf8 79. Rg7+ Kd6 80. Rg6 Rf4 
81. Bc4 Rxe4 82. Rxe6+ Rxe6 83. Bc5+ Kxc5 84. Bxe6 Nd4 85. Bf7 Kb4 86. Bxh5 Nf5 
87. g6 Kc3 88. Ka2 c5 89. Bg4 Ne7 90. g7 Kd4 91. h5 Ng8 92. Be6 Nh6 
93. g8=Q Nxg8 94. Bxg8 Ke5 95. h6 Kf6 96. h7 Kg7 97. Kxa3 c4 1/2-1/2

[Event "Friday Night Double Round Robin 3m+1s Starts at 2200hrs ST NO LATE JOINS POSS"]
[Site "Infinity Chess"]
[Date "2018.1.19"]
[Round "11"]
[White "KULLANI"]
[Black "Gilgamesch"]
[Result "1/2-1/2"]
[ECO "D30"]
[WhiteElo "2474"]
[BlackElo "2535"]
[WhiteEngine "BrainFish_180113_x64_CTG"]
[BlackEngine "BrainFish_171005_x64_bmi2"]
[EventType "Round Robin"]
[WhiteTeam ""]
[BlackTeam ""]
[PlyCount "49"]
[TimeControl "180+1"]

1. d4 d5 2. c4 e6 3. Nf3 Nf6 4. Nc3 c6 5. Bg5 dxc4 6. e4 b5 7. e5 h6 8. Bh4 g5 
9. Nxg5 hxg5 10. Bxg5 Nbd7 11. exf6 Bb7 12. h4 Nxf6 13. Qf3 Be7 14. Be2 Nd5 
15. Bxe7 Qxe7 16. Nxd5 exd5 17. Qf4 Kf8 18. Kf1 Re8 19. Re1 Qe4 20. Qf6 Rg8 
21. Qh6+ Rg7 22. Qh8+ Rg8 23. Qh6+ Rg7 24. Qh8+ Rg8 25. Qh6+ 1/2-1/2

[Event "Friday Night Double Round Robin 3m+1s Starts at 2200hrs ST NO LATE JOINS POSS"]
[Site "Infinity Chess"]
[Date "2018.1.19"]
[Round "11"]
[White "star99"]
[Black "Victorious"]
[Result "1/2-1/2"]
[ECO "D31"]
[WhiteElo "2473"]
[BlackElo "2537"]
[WhiteEngine "Cryptic AIL V1"]
[BlackEngine "BugChess2.41_Release"]
[EventType "Round Robin"]
[WhiteTeam ""]
[BlackTeam ""]
[PlyCount "158"]
[TimeControl "180+1"]

1. d4 d5 2. c4 e6 3. Nc3 c6 4. e4 dxe4 5. Nxe4 Bb4+ 6. Bd2 Qxd4 7. Bxb4 Qxe4+ 
8. Be2 Na6 9. Ba5 Bd7 10. Nf3 Nf6 11. Qd6 Qf5 12. Ne5 Qxf2+ 13. Kxf2 Ne4+ 
14. Ke3 Nxd6 15. Rad1 Nf5+ 16. Kf2 Nc5 17. Rhe1 f6 18. Bh5+ g6 19. Nxg6 hxg6 
20. Bxg6+ Ke7 21. Bb4 b6 22. Bxf5 Rad8 23. h3 a5 24. Ba3 e5 25. Bc2 Kf7 
26. Bxc5 bxc5 27. Re3 Ke7 28. Rg3 Rdg8 29. Rxg8 Rxg8 30. g4 Be6 31. b3 a4 
32. Be4 axb3 33. axb3 Bd7 34. Kf3 Rh8 35. Kg3 Rg8 36. Rf1 Be6 37. Bc2 Ra8 
38. Be4 Rg8 39. Bc2 Ra8 40. Rf3 Rb8 41. Bh7 Ra8 42. Bd3 Ra1 43. Be4 Bd7 
44. Re3 Ra8 45. Kf2 Ra2+ 46. Kg3 Ra8 47. Bf3 Kd6 48. Rd3+ Ke7 49. Be4 Rb8 
50. Kg2 Be6 51. Kf1 Rg8 52. Ke2 Bd7 53. Re3 Rh8 54. Rf3 Rd8 55. Kf2 Rg8 
56. Rd3 Ra8 57. Kf3 Rb8 58. Ke2 Rh8 59. Rf3 Rd8 60. Rd3 Rh8 61. Rg3 Ra8 
62. Re3 Ra3 63. Bb1 Ra1 64. Be4 Ra7 65. Kf2 Ra2+ 66. Kf3 Ra8 67. Kg3 Rd8 
68. Re2 Rg8 69. Bc2 Rb8 70. Kf2 Be6 71. Re3 Bd7 72. Be4 Rf8 73. Rf3 Rh8 
74. Re3 Be8 75. Bc2 Bd7 76. Be4 Rf8 77. Rf3 Rg8 78. Ke3 Ra8 79. Kf2 Rg8 1/2-1/2

[Event "Friday Night Double Round Robin 3m+1s Starts at 2200hrs ST NO LATE JOINS POSS"]
[Site "Infinity Chess"]
[Date "2018.1.19"]
[Round "11"]
[White "Deep SKY"]
[Black "MGR"]
[Result "1/2-1/2"]
[ECO "C11"]
[WhiteElo "2491"]
[BlackElo "2520"]
[WhiteEngine "BrainFish_180106_x64_CTG"]
[BlackEngine "asmFishW_2017-11-19_bmi2"]
[EventType "Round Robin"]
[WhiteTeam ""]
[BlackTeam ""]
[PlyCount "90"]
[TimeControl "180+1"]

1. e4 e6 2. d4 d5 3. Nc3 Nf6 4. e5 Nfd7 5. f4 c5 6. Nf3 Nc6 7. Be3 cxd4 
8. Nxd4 Qb6 9. Qd2 Qxb2 10. Rb1 Qa3 11. Bb5 Nxd4 12. Bxd4 a6 13. Bxd7+ Bxd7 
14. Rb3 Qe7 15. Rxb7 Rc8 16. O-O Qd8 17. Qe3 Rc4 18. Rfb1 Be7 19. f5 Bg5 
20. Qd3 O-O 21. Ne4 Bc8 22. Bb6 Be3+ 23. Qxe3 Qh4 24. Nf6+ gxf6 25. Rc7 exf5 
26. Rxc4 dxc4 27. exf6 Kh8 28. Bc7 Rg8 29. Bg3 Qg4 30. Qf4 Be6 31. c3 Qh5 
32. Rb8 h6 33. Kf2 Qg6 34. Rxg8+ Kxg8 35. Qe5 f4 36. Bxf4 Qc2+ 37. Kg3 Qg6+ 
38. Kf3 Qd3+ 39. Qe3 Bd5+ 40. Kf2 Qc2+ 41. Qd2 Qe4 42. Kg1 Qb1+ 43. Kf2 Qe4 
44. Kf1 Qb1+ 45. Kf2 Qe4 1/2-1/2

[Event "Friday Night Double Round Robin 3m+1s Starts at 2200hrs ST NO LATE JOINS POSS"]
[Site "Infinity Chess"]
[Date "2018.1.19"]
[Round "11"]
[White "ocirema"]
[Black "BraveDevil"]
[Result "1/2-1/2"]
[ECO "B90"]
[WhiteElo "2473"]
[BlackElo "2473"]
[WhiteEngine "stockfish_18011309_x64_modern_CTG"]
[BlackEngine "Cryptic AIL V1"]
[EventType "Round Robin"]
[WhiteTeam ""]
[BlackTeam ""]
[PlyCount "152"]
[TimeControl "180+1"]

1. e4 c5 2. Nf3 d6 3. d4 cxd4 4. Nxd4 Nf6 5. Nc3 a6 6. Be3 e5 7. Nb3 Be7 
8. Be2 Be6 9. O-O O-O 10. Qd3 Nbd7 11. Nd5 Nxd5 12. exd5 e4 13. Qxe4 Nf6 
14. Qd3 Bxd5 15. Rfe1 Re8 16. c3 Be4 17. Qd2 d5 18. f3 Bg6 19. g3 Bd6 
20. Rad1 Qc7 21. Bf1 Qc6 22. Bg5 Be5 23. Bh3 h6 24. Be3 Qa4 25. Ra1 Bd6 
26. Qd4 Qc4 27. Bf2 Bc7 28. Qc5 b6 29. Qd4 Qc6 30. Qd2 b5 31. Nd4 Qb7 
32. Rxe8+ Rxe8 33. a3 Bd6 34. Re1 Rxe1+ 35. Qxe1 Qc7 36. Qe2 Bc5 37. Kg2 Bf8 
38. Bg1 Bd6 39. Be3 h5 40. Bg5 Nh7 41. Be3 h4 42. Bf2 Nf6 43. Qe3 hxg3 
44. hxg3 Bh7 45. Qd2 Bf8 46. Qe3 Qc4 47. Qe5 Bd3 48. Bf5 Bxf5 49. Nxf5 Qb3 
50. Qe2 Qc4 51. Qe5 Qb3 52. Qe2 Qc4 53. Nd4 Qxe2 54. Nxe2 Bd6 55. Nd4 g6 
56. Nc6 Kf8 57. Kf1 Nd7 58. Ke2 Ne5 59. Nb4 Bxb4 60. axb4 Ke7 61. Bd4 Nc6 
62. Ke3 Ke6 63. b3 a5 64. bxa5 Nxa5 65. b4 Nc4+ 66. Kd3 g5 67. g4 f6 68. Kc2 Ne5 
69. Bxe5 Kxe5 70. Kd3 Kf4 71. Ke2 f5 72. gxf5 Kxf5 73. Kd3 Kf4 74. Ke2 Kf5 
75. Kd3 Kf4 76. Ke2 Kf5 1/2-1/2

[Event "Friday Night Double Round Robin 3m+1s Starts at 2200hrs ST NO LATE JOINS POSS"]
[Site "Infinity Chess"]
[Date "2018.1.19"]
[Round "11"]
[White "RonWeasley"]
[Black "OlivierEvan"]
[Result "1/2-1/2"]
[ECO "B33"]
[WhiteElo "2504"]
[BlackElo "2413"]
[WhiteEngine "BrainFish 130117_CTG"]
[BlackEngine "Houdini 6"]
[EventType "Round Robin"]
[WhiteTeam ""]
[BlackTeam ""]
[PlyCount "104"]
[TimeControl "180+1"]

1. e4 c5 2. Nf3 Nc6 3. d4 cxd4 4. Nxd4 Nf6 5. Nc3 e5 6. Ndb5 d6 7. Nd5 Nxd5 
8. exd5 Ne7 9. c4 Ng6 10. Qa4 Bd7 11. Qb4 Bf5 12. h4 a6 13. Nc3 Be7 14. h5 Nh4 
15. Be3 O-O 16. Bb6 Qc8 17. f3 Bc2 18. Bf2 Nf5 19. Rc1 Nd4 20. Ne2 Nxe2 
21. Bxe2 Bf5 22. h6 gxh6 23. Be3 Re8 24. Rxh6 Bg6 25. Kf1 Qd7 26. b3 f5 
27. f4 Bf6 28. Qd2 exf4 29. Bxf4 Be5 30. Rh3 Bxf4 31. Qxf4 Re4 32. Qf2 Rae8 
33. Bd3 Rg4 34. c5 dxc5 35. Qxc5 Qg7 36. d6 Rf4+ 37. Kg1 Qd4+ 38. Qxd4 Rxd4 
39. Rc7 Rxd6 40. Rxb7 f4 41. Bxg6 Rxg6 42. Rbxh7 Re2 43. Rh8+ Kf7 44. R3h7+ Rg7 
45. Rxg7+ Kxg7 46. Rh4 Rxa2 47. Rxf4 Ra3 48. Rf3 a5 49. Rf5 Rxb3 50. Rxa5 Kh7 
51. Rh5+ Kg6 52. Ra5 Kh7 1/2-1/2

[Event "Friday Night Double Round Robin 3m+1s Starts at 2200hrs ST NO LATE JOINS POSS"]
[Site "Infinity Chess"]
[Date "2018.1.19"]
[Round "10"]
[White "BraveDevil"]
[Black "RonWeasley"]
[Result "1/2-1/2"]
[ECO "E10"]
[WhiteElo "2472"]
[BlackElo "2505"]
[WhiteEngine "Cryptic AIL V1"]
[BlackEngine "BrainFish 130117_CTG"]
[EventType "Round Robin"]
[WhiteTeam ""]
[BlackTeam ""]
[PlyCount "73"]
[TimeControl "180+1"]

1. d4 Nf6 2. c4 e6 3. Nf3 d5 4. Nc3 c6 5. Bg5 h6 6. Bh4 dxc4 7. e4 g5 8. Bg3 b5 
9. Ne5 Bb7 10. h4 g4 11. Be2 Nbd7 12. Bxg4 Nxe5 13. Bxe5 Rg8 14. Bf3 Nd7 
15. Bg3 Qb6 16. O-O O-O-O 17. Kh1 Rxg3 18. fxg3 Ne5 19. Ne2 c5 20. dxc5 Rxd1 
21. cxb6 Rd2 22. Bh5 axb6 23. Bxf7 Nxf7 24. Rxf7 Bc5 25. Nf4 Rxb2 26. Nxe6 Bxe4 
27. Nxc5 bxc5 28. Re1 Rb1 29. Rff1 Rxe1 30. Rxe1 Bd3 31. Re5 Kd7 32. Rxc5 b4 
33. Kg1 Kd6 34. Rc8 Kd7 35. Rc5 Kd6 36. Rc8 Kd7 37. Rc5 1/2-1/2

[Event "Friday Night Double Round Robin 3m+1s Starts at 2200hrs ST NO LATE JOINS POSS"]
[Site "Infinity Chess"]
[Date "2018.1.19"]
[Round "10"]
[White "MGR"]
[Black "ocirema"]
[Result "1/2-1/2"]
[ECO "B90"]
[WhiteElo "2522"]
[BlackElo "2471"]
[WhiteEngine "asmFishW_2017-11-19_bmi2"]
[BlackEngine "stockfish_18011309_x64_modern_CTG"]
[EventType "Round Robin"]
[WhiteTeam ""]
[BlackTeam ""]
[PlyCount "94"]
[TimeControl "180+1"]

1. e4 c5 2. Nf3 d6 3. d4 cxd4 4. Nxd4 Nf6 5. Nc3 a6 6. Be3 e5 7. Nb3 Be6 
8. Be2 Be7 9. Qd3 Nc6 10. O-O O-O 11. a3 Rc8 12. Rfe1 Na5 13. Nxa5 Qxa5 
14. Rad1 h6 15. Nd5 Nxd5 16. exd5 Bd7 17. b4 Qd8 18. c4 f5 19. Rc1 f4 
20. Bd2 Bf5 21. Qb3 Bg5 22. Bd3 f3 23. Bxg5 Qxg5 24. g3 Bxd3 25. Qxd3 Qg4 
26. c5 Qh3 27. Qf1 Qf5 28. c6 e4 29. cxb7 Rxc1 30. Rxc1 e3 31. fxe3 f2+ 
32. Kg2 Qxd5+ 33. Kh3 Qxb7 34. Qe2 d5 35. Rf1 d4 36. exd4 Qd7+ 37. Kg2 Qb7+ 
38. d5 Qxd5+ 39. Kh3 Qd4 40. Kg2 Qd5+ 41. Kh3 Qd7+ 42. Kg2 Qc6+ 43. Kh3 Qc8+ 
44. Kg2 Qc6+ 45. Kh3 Qc8+ 46. Kg2 Qa8+ 47. Kh3 Qc8+ 1/2-1/2

[Event "Friday Night Double Round Robin 3m+1s Starts at 2200hrs ST NO LATE JOINS POSS"]
[Site "Infinity Chess"]
[Date "2018.1.19"]
[Round "10"]
[White "Victorious"]
[Black "Deep SKY"]
[Result "1-0"]
[ECO "A05"]
[WhiteElo "2522"]
[BlackElo "2506"]
[WhiteEngine "BugChess2.41_Release"]
[BlackEngine "BrainFish_180106_x64_CTG"]
[EventType "Round Robin"]
[WhiteTeam ""]
[BlackTeam ""]
[PlyCount "111"]
[TimeControl "180+1"]

1. Nf3 Nf6 2. d4 d5 3. e3 e6 4. Bd3 c5 5. b3 Nc6 6. Bb2 cxd4 7. exd4 Bb4+ 
8. Nbd2 b6 9. O-O O-O 10. Ne5 Nxe5 11. dxe5 Nd7 12. Qh5 g6 13. Qh6 Re8 
14. Rfd1 Bf8 15. Qe3 Bg7 16. f4 Bb7 17. Bb5 Re7 18. Ba3 Nc5 19. Nc4 Qc7 
20. Nd6 Rd8 21. Rac1 Qb8 22. Rd2 f6 23. Rf1 a6 24. Bd3 Rxd6 25. exd6 Qxd6 
26. Bb2 e5 27. fxe5 fxe5 28. Rdf2 Ne6 29. Qg3 b5 30. Bc1 Qb6 31. Kh1 Qd8 
32. Be2 d4 33. c3 dxc3 34. Qxc3 Rc7 35. Qe3 Nd4 36. Bb2 Bd5 37. Bd3 Be6 
38. Qg3 Rd7 39. h3 Qe7 40. Re1 Rd5 41. Be4 Rd8 42. Bc1 Re8 43. Bg5 Qb4 
44. Rc1 Bf5 45. Qe3 Qd6 46. g4 Be6 47. Bf6 Bd5 48. Bxg7 Kxg7 49. Kh2 Bxe4 
50. Qxe4 a5 51. h4 Qe7 52. Kg3 a4 53. Rcf1 axb3 54. axb3 Qe6 55. h5 Qxb3+ 
56. Kh2 1-0

[Event "Friday Night Double Round Robin 3m+1s Starts at 2200hrs ST NO LATE JOINS POSS"]
[Site "Infinity Chess"]
[Date "2018.1.19"]
[Round "10"]
[White "Gilgamesch"]
[Black "star99"]
[Result "1/2-1/2"]
[ECO "B90"]
[WhiteElo "2538"]
[BlackElo "2470"]
[WhiteEngine "BrainFish_171005_x64_bmi2"]
[BlackEngine "Cryptic AIL V1"]
[EventType "Round Robin"]
[WhiteTeam ""]
[BlackTeam ""]
[PlyCount "68"]
[TimeControl "180+1"]

1. e4 c5 2. Nf3 d6 3. d4 cxd4 4. Nxd4 Nf6 5. Nc3 a6 6. Be3 e5 7. Nb3 Be7 
8. Be2 Be6 9. O-O O-O 10. Nd5 Nxd5 11. exd5 Bf5 12. c4 Nd7 13. Qd2 a5 
14. f4 exf4 15. Bxf4 Bg6 16. Nd4 Qb6 17. Kh1 Nc5 18. Nb5 Ne4 19. Qe3 Qxe3 
20. Bxe3 Bf6 21. Bd4 Bxd4 22. Nxd4 Rfe8 23. Kg1 Re5 24. Nf3 Re7 25. Rfe1 Kf8 
26. Nd4 Re5 27. Nb5 Nc5 28. Nxd6 Rd8 29. Nb5 Rde8 30. Kf2 Ne4+ 31. Kg1 Nc5 
32. Kf2 Ne4+ 33. Kf1 Nd2+ 34. Kf2 Ne4+ 1/2-1/2

[Event "Friday Night Double Round Robin 3m+1s Starts at 2200hrs ST NO LATE JOINS POSS"]
[Site "Infinity Chess"]
[Date "2018.1.19"]
[Round "10"]
[White "xeonrocks"]
[Black "KULLANI"]
[Result "1/2-1/2"]
[ECO "C53"]
[WhiteElo "2553"]
[BlackElo "2471"]
[WhiteEngine "asmFishW_CTG"]
[BlackEngine "BrainFish_180113_x64_CTG"]
[EventType "Round Robin"]
[WhiteTeam ""]
[BlackTeam ""]
[PlyCount "78"]
[TimeControl "180+1"]

1. e4 e5 2. Nf3 Nc6 3. Bc4 Bc5 4. c3 Nf6 5. d4 exd4 6. e5 d5 7. Bb5 Ne4 
8. cxd4 Bb6 9. O-O Bg4 10. a4 a5 11. Nc3 O-O 12. Bxc6 bxc6 13. h3 Bxf3 
14. Qxf3 Bxd4 15. Nxe4 dxe4 16. Qxe4 Qd5 17. Qxd5 cxd5 18. Rd1 c5 19. Be3 Bxe3 
20. fxe3 Rfd8 21. Rac1 c4 22. Rd4 Rab8 23. e4 dxe4 24. Rxe4 Rxb2 25. Rexc4 h6 
26. Rc8 Rxc8 27. Rxc8+ Kh7 28. Rc5 Kg6 29. Rxa5 Kf5 30. g4+ Ke6 31. Ra7 Ra2 
32. Kh1 Kxe5 33. Rxf7 Rxa4 34. Rxg7 Kf4 35. Rf7+ Kg3 36. Rf1 Kxh3 37. Rg1 Ra3 
38. Rg2 Kh4 39. Kg1 Kg5 1/2-1/2

[Event "Friday Night Double Round Robin 3m+1s Starts at 2200hrs ST NO LATE JOINS POSS"]
[Site "Infinity Chess"]
[Date "2018.1.19"]
[Round "10"]
[White "PAKtech"]
[Black "Dovahkiin"]
[Result "1/2-1/2"]
[ECO "B90"]
[WhiteElo "2430"]
[BlackElo "2454"]
[WhiteEngine "Raubfisch ME262_GTZ16b3._CTG"]
[BlackEngine "BrainFish_180113_x64_modern_CTG"]
[EventType "Round Robin"]
[WhiteTeam ""]
[BlackTeam ""]
[PlyCount "167"]
[TimeControl "180+1"]

1. e4 c5 2. Nf3 d6 3. d4 cxd4 4. Nxd4 Nf6 5. Nc3 a6 6. Be3 e5 7. Nb3 Be6 
8. f3 h5 9. Qd2 Nbd7 10. Nd5 Bxd5 11. exd5 g6 12. Be2 Bg7 13. O-O b6 14. c4 O-O 
15. Rae1 Re8 16. Bf2 Qc7 17. h3 a5 18. a4 Rab8 19. Qe3 Nh7 20. Nd2 Nc5 
21. Bd1 Bf6 22. Qe2 Bg5 23. h4 Bf4 24. Bc2 f5 25. g3 Bh6 26. g4 Qd7 
27. gxf5 gxf5 28. Kh1 Bf4 29. Nb3 Kh8 30. Rg1 Nf6 31. Rg6 Rg8 32. Reg1 Rxg6 
33. Rxg6 Qf7 34. Rg1 Nxb3 35. Bxb3 Nd7 36. Bc2 Rg8 37. Rxg8+ Kxg8 38. Qd3 Nc5 
39. Qxf5 Qxf5 40. Bxf5 Nxa4 41. b3 Nc5 42. Bc2 Kg7 43. Kg2 Kf6 44. Kf1 Bd2 
45. Ke2 Bf4 46. Be1 Na6 47. Kf2 Kf7 48. Bc3 Bc1 49. Kg2 Kf6 50. Kg3 Bf4+ 
51. Kf2 Bc1 52. Be1 Bf4 53. Bd1 Nb4 54. Ke2 Na6 55. Bc2 Nb4 56. Bd1 Na6 
57. Bf2 Nc5 58. Bc2 Kg7 59. Be1 Na6 60. Bd2 Bxd2 61. Kxd2 Nc5 62. Kc1 Na6 
63. Kb2 Kf6 64. Bd3 Nb4 65. Be4 Na6 66. Bd3 Nb4 67. Bb1 Na6 68. Be4 Nb4 
69. Kc3 Kf7 70. Bf5 Na2+ 71. Kd2 Kf6 72. Bd7 Ke7 73. Bc8 Nb4 74. Kc3 Kf6 
75. Bh3 Na2+ 76. Kb2 Nb4 77. Kc3 Ke7 78. Bf5 Kf6 79. Bb1 Na6 80. Bd3 Kf7 
81. Bf5 Kf6 82. Bd3 Nc5 83. Bb1 Na6 84. Bd3 1/2-1/2

[Event "Friday Night Double Round Robin 3m+1s Starts at 2200hrs ST NO LATE JOINS POSS"]
[Site "Infinity Chess"]
[Date "2018.1.19"]
[Round "10"]
[White "OlivierEvan"]
[Black "tris77"]
[Result "1-0"]
[ECO "B90"]
[WhiteElo "2395"]
[BlackElo "2441"]
[WhiteEngine "Houdini 6"]
[BlackEngine "Raubfisch X37b_CTG"]
[EventType "Round Robin"]
[WhiteTeam ""]
[BlackTeam ""]
[PlyCount "207"]
[TimeControl "180+1"]

1. e4 c5 2. Nf3 d6 3. d4 cxd4 4. Nxd4 Nf6 5. Nc3 a6 6. Be3 e5 7. Nb3 Be6 
8. f3 Be7 9. Qd2 O-O 10. O-O-O Nbd7 11. g4 b5 12. g5 Nh5 13. Nd5 Bxd5 
14. exd5 f6 15. gxf6 Bxf6 16. Na5 Qe8 17. Bh3 Nf4 18. Bxf4 exf4 19. Rhe1 Ne5 
20. Re4 Kh8 21. Qe2 Qh5 22. Be6 Bd8 23. Nc6 Nc4 24. Kb1 Bb6 25. a4 Qg5 
26. Bd7 Ne3 27. a5 Bd8 28. Rd3 Bf6 29. Ka2 Nc4 30. c3 g6 31. Kb1 Ne5 
32. Nxe5 Bxe5 33. Rd1 Rab8 34. Be6 Bg7 35. Kc2 Qd8 36. Ra1 Rb7 37. Kb3 Rc7 
38. Ra3 Rc5 39. Ka2 Qc7 40. Qd3 g5 41. Rb4 Be5 42. h3 Kg7 43. Re4 Qe7 
44. Re2 Kh8 45. Rg2 Rc7 46. Kb3 Rb7 47. Ra1 Qd8 48. Rg4 Ra7 49. Kc2 Rg7 
50. Rg2 Bf6 51. Re2 Rc7 52. Re4 Bg7 53. Qe2 Rc5 54. Ra3 Qc7 55. Kb1 Be5 
56. Rb3 Qg7 57. Rbb4 h5 58. Qc2 Qf6 59. Re1 Kg7 60. Qf2 Kh6 61. Rbe4 Rc4 
62. R1e2 Qd8 63. Qa7 Rxe4 64. Rxe4 Qxa5 65. Bf7 b4 66. Rxb4 Rh8 67. Be6 Rh7 
68. Qa8 Rh8 69. Rb8 Rxb8 70. Qxb8 Qa4 71. Qf8+ Bg7 72. Qxd6 Qd1+ 73. Ka2 Qa4+ 
74. Qa3 Qb5 75. Qb3 Bf8 76. Qxb5 axb5 77. Kb3 Kg6 78. Bd7 b4 79. cxb4 Kf7 
80. b5 Ke7 81. Bc6 Kf6 82. b6 Bd6 83. Kc4 Be5 84. Kc5 Ke7 85. Ba4 Bd6+ 
86. Kc6 Be5 87. Bc2 Bb8 88. Bg6 Bd6 89. Bxh5 Be5 90. Kb7 Bxb2 91. Kc8 Bc3 
92. d6+ Kxd6 93. b7 Ke5 94. b8=Q+ Kd4 95. Qa7+ Kc4 96. Bg6 Be1 97. Qa4+ Bb4 
98. Qc2+ Kd5 99. Qe4+ Kd6 100. Qxb4+ Ke5 101. Qb6 g4 102. Qd8 g3 103. Kc7 g2 
104. Qd6# 1-0

[Event "Friday Night Double Round Robin 3m+1s Starts at 2200hrs ST NO LATE JOINS POSS"]
[Site "Infinity Chess"]
[Date "2018.1.19"]
[Round "9"]
[White "Dovahkiin"]
[Black "tris77"]
[Result "1/2-1/2"]
[ECO "A00"]
[WhiteElo "2455"]
[BlackElo "2440"]
[WhiteEngine "BrainFish_180113_x64_modern_CTG"]
[BlackEngine "Raubfisch X37b_CTG"]
[EventType "Round Robin"]
[WhiteTeam ""]
[BlackTeam ""]
[PlyCount "88"]
[TimeControl "180+1"]

1. e3 e5 2. e4 Nf6 3. Nc3 Bb4 4. Nf3 O-O 5. Nxe5 d5 6. Nd3 Bxc3 7. dxc3 dxe4 
8. Nf4 Qxd1+ 9. Kxd1 Nc6 10. Bd2 Rd8 11. Kc1 Ng4 12. Be1 Rd6 13. c4 Bf5 
14. Be2 Nf6 15. Bc3 Nd4 16. Bd1 c5 17. b3 Re8 18. Re1 g5 19. Ne2 h6 20. h4 gxh4 
21. Nf4 b5 22. cxb5 Nxb5 23. Ba5 Bg4 24. Kb2 Nd4 25. Bxg4 Nxg4 26. f3 Nf2 
27. fxe4 Nxe4 28. Rad1 Kh7 29. Rd3 Rf6 30. Bd2 Rf5 31. Bc1 Rg5 32. Rc3 Rge5 
33. Rd3 Nf2 34. Rxe5 Rxe5 35. Rd2 Ne4 36. Rd3 Kg7 37. Kb1 Rg5 38. Re3 Re5 
39. Rh3 Kh7 40. Rxh4 Nc3+ 41. Kb2 Nd1+ 42. Kb1 Nc3+ 43. Kb2 Nd1+ 44. Kb1 Nc3+ 
1/2-1/2

[Event "Friday Night Double Round Robin 3m+1s Starts at 2200hrs ST NO LATE JOINS POSS"]
[Site "Infinity Chess"]
[Date "2018.1.19"]
[Round "9"]
[White "KULLANI"]
[Black "PAKtech"]
[Result "1-0"]
[ECO "D30"]
[WhiteElo "2455"]
[BlackElo "2446"]
[WhiteEngine "BrainFish_180113_x64_CTG"]
[BlackEngine "Raubfisch ME262_GTZ16b3._CTG"]
[EventType "Round Robin"]
[WhiteTeam ""]
[BlackTeam ""]
[PlyCount "143"]
[TimeControl "180+1"]

1. d4 d5 2. c4 e6 3. Nf3 Nf6 4. Nc3 c6 5. Bg5 h6 6. Bxf6 Qxf6 7. e3 Nd7 
8. Be2 g6 9. O-O Bg7 10. e4 dxe4 11. Nxe4 Qf4 12. Qc2 f5 13. Ned2 c5 14. g3 Qd6 
15. dxc5 Qxc5 16. Nh4 Kf7 17. Nb3 Qe5 18. Rab1 a5 19. Rfd1 Bf6 20. Nf3 Qe4 
21. Rd3 a4 22. Nbd2 Qc6 23. c5 Qc7 24. b4 axb3 25. Nxb3 Kg7 26. Rd6 Re8 
27. Nbd4 Nf8 28. Rbb6 Kg8 29. Bc4 Kg7 30. Bb3 Bd7 31. Qd2 Re7 32. Bxe6 Bxe6 
33. Rxe6 Nxe6 34. Nxe6+ Rxe6 35. Rxe6 Rd8 36. Rd6 Rxd6 37. cxd6 Qc6 38. Qd1 g5 
39. h3 Bd8 40. Qd4+ Bf6 41. Qd1 Qe4 42. d7 Be7 43. a4 f4 44. g4 Bd8 45. Nd4 Kf6 
46. Nf5 h5 47. Nd6 Qc6 48. gxh5 Ke6 49. Nc8 f3 50. h6 Qxd7 51. Qxf3 Qc7 
52. a5 Bf6 53. Nb6 Qd6 54. h7 Bh8 55. Qxb7 Qd1+ 56. Kg2 g4 57. Qc8+ Ke7 
58. hxg4 Qd4 59. Qf5 Bg7 60. Nc8+ Ke8 61. Qe6+ Kd8 62. Nd6 Qd3 63. Qg8+ Kc7 
64. Qxg7+ Kxd6 65. h8=Q Qe4+ 66. Kg3 Qd3+ 67. Kh4 Kd5 68. Qe5+ Kc4 69. Qg8+ Qd5 
70. Qgxd5+ Kb4 71. Qb2+ Ka4 72. Qda2# 1-0

[Event "Friday Night Double Round Robin 3m+1s Starts at 2200hrs ST NO LATE JOINS POSS"]
[Site "Infinity Chess"]
[Date "2018.1.19"]
[Round "9"]
[White "star99"]
[Black "xeonrocks"]
[Result "1/2-1/2 "]
[ECO "D31"]
[WhiteElo "2466"]
[BlackElo "2557"]
[WhiteEngine "Cryptic AIL V1"]
[BlackEngine "asmFishW_CTG"]
[EventType "Round Robin"]
[WhiteTeam ""]
[BlackTeam ""]
[PlyCount "150"]
[TimeControl "180+1"]

1. d4 d5 2. c4 e6 3. Nc3 c6 4. e4 dxe4 5. Nxe4 Bb4+ 6. Bd2 Qxd4 7. Bxb4 Qxe4+ 
8. Be2 Na6 9. Ba5 b6 10. Qd6 Bd7 11. Bc3 f6 12. Nf3 Nh6 13. Rd1 Rd8 14. Qa3 Bc8 
15. Nd2 Qf4 16. Bh5+ Nf7 17. O-O c5 18. Qa4+ Ke7 19. Rfe1 Ng5 20. f3 f5 
21. Nf1 Rxd1 22. Rxd1 Rg8 23. g3 Nh3+ 24. Kg2 Qg5 25. Kxh3 Qxh5+ 26. Kg2 Qe8 
27. Qc2 Kf7 28. a3 Qe7 29. Ne3 Nb8 30. b4 Nd7 31. Qb2 h5 32. Qd2 Nf8 33. Re1 Qd7 
34. Qxd7+ Nxd7 35. h4 g6 36. Nd1 Bb7 37. Nb2 e5 38. Bxe5 Re8 39. Nd3 b5 
40. Bc3 Rxe1 41. Nxe1 cxb4 42. Bxb4 bxc4 43. Kf2 Nb6 44. Nc2 Ke6 45. Ne3 Kd7 
46. Bc5 Ba6 47. Nd1 Kc6 48. Bd4 Bb7 49. Nc3 a5 50. Ke3 Nd5+ 51. Nxd5 Kxd5 
52. Bb6 a4 53. Ba5 f4+ 54. gxf4 Kc5 55. Bb4+ Kb5 56. f5 gxf5 57. f4 c3 
58. Bxc3 Kc4 59. Bf6 Bh1 60. Be5 Bg2 61. Bf6 Bf1 62. Bg7 Bh3 63. Be5 Bf1 
64. Bf6 Kb3 65. Be7 Kc4 66. Bd6 Kd5 67. Bb4 Bc4 68. Be7 Bf1 69. Bb4 Bh3 
70. Bc3 Ke6 71. Kd4 Bf1 72. Kc5 Be2 73. Ba1 Bd1 74. Be5 Bc2 75. Bg7 Bb1 1/2-1/2